 Dungeon Crawl Stone Soup version 0.20-a0-957-g47ad1fd (webtiles) character file.

3362 JeffiDaFish the Stinger (level 9, 0/71 HPs)
             Began as a Red Draconian Venom Mage on Apr 6, 2017.
             Slain by a three-headed hydra (4 damage)
             ... on level 8 of the Dungeon.
             The game lasted 00:27:31 (7623 turns).

JeffiDaFish the Stinger (Red Draconian Venom Mage)  Turns: 7623, Time: 00:27:33

Health: 0/71       AC: 14    Str:  8 (11) XL:     9   Next: 73%
Magic:  3/17       EV: 14    Int: 18 (19) God:
Gold:   433        SH:  0    Dex: 16 (18) Spells: 4/19 levels left

rFire    + . .     SeeInvis +   t - +1 halberd (venom)
rCold    . . .     Gourm    .   (shield currently unavailable)
rNeg     . . .     Faith    .   (armour unavailable)
rPois    .         Spirit   .   (helmet restricted)
rElec    .         Reflect  .   h - +1 cloak
rCorr    .         Harm     .   n - +2 pair of gloves {Dex+3}
MR       .....                  v - +0 pair of boots
Stlth    +++.......             i - amulet of rage
Regen    0.3/turn               u - +4 ring of intelligence
MPRegen  0.2/turn               j - ring of see invisible

@: no status effects
A: breathe fire, unfitting armour, antennae 1, fire resistance 1, shaggy fur 1,
cold-blooded, AC +7
a: Breathe Fire, Evoke Berserk Rage


You were on level 8 of the Dungeon.
You were not hungry.

You visited 2 branches of the dungeon, and saw 9 of its levels.

You collected 433 gold pieces.

Inventory:

Hand Weapons
 g - a +1 dagger of venom
 t - a +1 halberd of venom (weapon)
Armour
 h - a +1 cloak (worn)
 n - a +2 pair of gloves of dexterity (worn)
 v - a +0 pair of boots (worn)
Jewellery
 d - an uncursed ring of wizardry
 i - an amulet of rage (around neck)
 j - a ring of see invisible (right hand)
 k - an uncursed ring of protection from fire
 o - an uncursed ring of resist corrosion
 u - a +4 ring of intelligence (left hand)
Wands
 c - a wand of polymorph (23/24)
Scrolls
 p - 2 scrolls of amnesia
 s - 3 scrolls of remove curse
 w - a scroll of fog
Potions
 e - a potion of curing
 q - 3 potions of brilliance
 r - a potion of resistance
Books
 a - a Young Poisoner's Handbook

   Spells                             Type                      Level
   a - Sting                          Conjuration/Poison           1
   b - Poisonous Vapours              Poison/Air                   2
   c - Mephitic Cloud                 Conjuration/Poison/Air       3
   d - Olgreb's Toxic Radiance        Poison                       4
   e - Venom Bolt                     Conjuration/Poison           5
Comestibles
 b - 6 bread rations
 f - 7 royal jellies
 l - 6 chunks of flesh
 m - 11 fruits


   Skills:
 + Level 4.2 Fighting
 * Level 3.3 Polearms
 + Level 4.3 Dodging
 + Level 4.7 Stealth
 - Level 1.1 Unarmed Combat
 * Level 5.5 Spellcasting
 * Level 5.5 Conjurations
 + Level 4.0 Air Magic
 * Level 6.9 Poison Magic


You had 4 spell levels left.
You knew the following spells:

 Your Spells              Type           Power        Failure   Level  Hunger
a - Sting                 Conj/Pois      ####         1%          1    None
b - Poisonous Vapours     Pois/Air       ###...       1%          2    None
c - Mephitic Cloud        Conj/Pois/Air  ###.....     4%          3    ##.....
d - Olgreb's Toxic Radia  Pois           ####....     10%         4    ####...
e - Venom Bolt            Conj/Pois      ####......   28%         5    #####..


Dungeon Overview and Level Annotations

Branches:
Dungeon (8/15)             Temple (1/1) D:6
   Lair: D:8-11

Altars:
Ashenzari
Cheibriados
Dithmenos
Elyvilon
Fedhas
Hepliaklqana
Kikubaaqudgha
Makhleb
Nemelex Xobeh
Okawaru
Qazlal
Ru
Sif Muna
Trog
Uskayaw
Vehumet
Xom
Yredelemnul
Zin
The Shining One

Annotations:
D:8 mrwookie's ghost, novice DECj


Innate Abilities, Weirdness & Mutations

You can breathe blasts of fire.
Your fiery red scales are hard. (AC +7)
You cannot fit into any form of body armour.
Your flesh is heat resistant. (rF+)
You are cold-blooded and may be slowed by cold attacks.
You have a pair of small antennae on your head.
You are covered in fur. (AC +1)


Message History

The three-headed hydra barely misses you.
Okay, then.
You feel better. The crimson imp closely misses you.
The three-headed hydra bites you.
* * * LOW HITPOINT WARNING * * *
The three-headed hydra closely misses you.
The three-headed hydra bites you!
* * * LOW HITPOINT WARNING * * *
You feel better. The crimson imp completely misses you.
The three-headed hydra completely misses you.
The three-headed hydra bites you.
* * * LOW HITPOINT WARNING * * *
The three-headed hydra bites you but does no damage.
You feel better.
The adder hisses angrily.
The crimson imp misses you. The three-headed hydra bites you.
* * * LOW HITPOINT WARNING * * *
The three-headed hydra bites you but does no damage.
The three-headed hydra bites you.
You die...

. #..... .. #.#.....
#.###S#. #.#.#...
#......##### #.#.#...
#....[.#... #.#.#...
#......#.# #.#.#...
#.....#.# ##.#.#...
#.....#5# . ###..#.....
########@####.#....#..#+.
#.....KD.#..#.#.#.###....
#.########...............
#.# #.###.#.#.#....####..
#K###>.............'.....
#............##....####.#
##...).....## ###.## #
####.#####...#### #.###
.# #.≈.≈.≈PP#......#
#...# ..


You could see a three-headed hydra, a big kobold, a crimson imp and an adder.

Vanquished Creatures
  An ugly thing (D:8)
  Grinder (D:4)
  2 dream sheep (D:8)
  2 yaks (D:8)
  A water moccasin (D:7)
  An orc warrior (D:6)
  2 black bears
  2 ogres
  2 centaurs (D:5)
  The ghost of n00bie the Sneak, an amateur OpAs (D:3)
  2 big kobolds (D:8)
  4 bullfrogs
  2 crimson imps
  3 jellies
  An orc priest (D:5)
  3 bullfrog skeletons
  A hound (D:7)
  9 orc wizards
  Ijyb (D:4)
  An iguana (D:6)
  5 worker ants
  A killer bee zombie (D:7)
  2 hound skeletons
  8 gnolls
  A river rat (D:6)
  8 adders
  A shadow imp (D:7)
  2 oozes (D:1)
  An adder skeleton (D:7)
  2 worms
  2 dart slugs (D:1)
  7 leopard geckos
  26 orcs
  4 ball pythons
  8 giant cockroaches
  17 goblins
  6 hobgoblins
  4 jackals (D:3)
  7 quokkas
  9 bats
  2 frilled lizards
  11 kobolds
  2 quokka zombies (D:6)
  5 rats
183 creatures vanquished.

Vanquished Creatures (others)
  A plant (D:4)
1 creature vanquished.

Grand Total: 184 creatures vanquished

Notes
Turn   | Place    | Note
-------+----------+-------------------------------------------
     0 | D:1      | JeffiDaFish the Draconian Venom Mage began the quest for the Orb.
     0 | D:1      | Reached XP level 1. HP: 14/14 MP: 3/3
    70 | D:1      | Reached XP level 2. HP: 18/20 MP: 0/5
   294 | D:1      | Learned a level 2 spell: Poisonous Vapours
   505 | D:1      | Reached XP level 3. HP: 21/26 MP: 1/6
   793 | D:1      | Reached skill level 1 in Unarmed Combat
  1512 | D:2      | Learned a level 3 spell: Mephitic Cloud
  1747 | D:3      | Reached skill level 4 in Poison Magic
  1769 | D:3      | Reached XP level 4. HP: 33/33 MP: 1/7
  1820 | D:3      | Found a glowing golden altar of the Shining One.
  1836 | D:3      | Noticed n00bie's ghost (amateur OpAs)
  1914 | D:3      | Killed n00bie's ghost
  1914 | D:3      | Reached skill level 1 in Air Magic
  1914 | D:3      | Reached XP level 5. HP: 22/39 MP: 7/9
  2161 | D:3      | Reached skill level 1 in Fighting
  2700 | D:4      | Gained mutation: Your mind is acute. (Int +2) [potion of mutation]
  2700 | D:4      | Gained mutation: You have a pair of small antennae on your head. [potion of mutation]
  2700 | D:4      | Lost mutation: Your mind is acute. (Int +2) [potion of mutation]
  2700 | D:4      | Gained mutation: You are covered in fur. (AC +1) [potion of mutation]
  3119 | D:4      | Reached XP level 6. HP: 47/47 MP: 4/10
  3269 | D:4      | Noticed Grinder
  3284 | D:4      | Paralysed by Grinder for 4 turns
  3307 | D:4      | Killed Grinder
  3509 | D:4      | Noticed Ijyb
  3514 | D:4      | Killed Ijyb
  3532 | D:4      | Your scales start taking on a fiery red colour.
  3532 | D:4      | Reached XP level 7. HP: 53/53 MP: 1/12
  3532 | D:4      | Gained mutation: Your flesh is heat resistant. (rF+) [Red Draconian growth]
  3557 | D:4      | Found a glowing silver altar of Zin.
  3682 | D:5      | Entered Level 5 of the Dungeon
  3825 | D:5      | Reached skill level 5 in Poison Magic
  4322 | D:5      | Learned a level 4 spell: Olgreb's Toxic Radiance
  4570 | D:5      | Reached XP level 8. HP: 50/62 MP: 14/14
  4948 | D:6      | Found a staircase to the Ecumenical Temple.
  4975 | Temple   | Entered the Ecumenical Temple
  5348 | D:6      | Found a shattered altar of Ashenzari.
  5358 | D:6      | Found a hide-covered altar of Uskayaw.
  5871 | D:6      | Reached skill level 1 in Polearms
  6084 | D:7      | Reached skill level 6 in Poison Magic
  6353 | D:7      | Found a deep blue altar of Sif Muna.
  6373 | D:7      | Reached XP level 9. HP: 65/70 MP: 11/16
  6893 | D:8      | Noticed mrwookie's ghost (novice DECj)
  7107 | D:8      | Noticed a brown ugly thing
  7132 | D:8      | Killed a brown ugly thing
  7132 | D:8      | Reached skill level 5 in Spellcasting
  7276 | D:8      | Reached skill level 5 in Conjurations
  7337 | D:8      | Learned a level 5 spell: Venom Bolt
  7597 | D:8      | Noticed a two-headed hydra
  7621 | D:8      | HP: 1/71 [three-headed hydra (9)]
  7623 | D:8      | Slain by a three-headed hydra

Vault maps used:
D:1:      dpeg_arrival_shrine
D:3:      nicolae_tso_carved_into_rock
D:4:      corexii_shantytown, zin_scriptorium, uniq_grinder, uniq_iyjb
D:5:      nicolae_overflow_hidden_temple, first_bread, mrwooster_statue_mirror,
          kennysheep_generic_room_12
D:6:      black_bear_nest_2, grunt_temple_overflow_open,
          minmay_temple_entry_mist, gup_sewer_entry_bowl
D:7:      lemuel_upstairs_altar, led_sif_book
D:8:      lair_entry_dummy, serial_co_window_serial, co_window_paths_a,
          co_window_paths_a, co_window_paths_a, co_window_of_opportunity_a,
          co_window_paths_b, co_window_paths_c, co_window_unsneaky_path_b,
          co_window_corner_b, co_window_corner_b, co_window_paths_e,
          co_window_4corner_a, glass_columns_a, glass_columns_b,
          glass_columns_c, hangedman_ranch, uniq_maurice
Temple:   regret_index_temple_generic_petals

Skill      XL: |  1  2  3  4  5  6  7  8  9 |
---------------+----------------------------+-----
Dodging        | 2 3 4 |  4.3
Unarmed Combat | 1 |  1.1
Poison Magic   | 4 5 6 |  6.9
Stealth        | 2 3 4 |  4.7
Air Magic      | 1 2 3 4 |  4.0
Fighting       | 1 2 3 4 |  4.2
Conjurations   | 2 3 4 5 |  5.5
Spellcasting   | 3 4 5 |  5.5
Polearms       | 2 3 |  3.3

Action                   |  1- 3 |  4- 6 |  7- 9 || total
-------------------------+-------+-------+-------++-------
Melee: Unarmed           |    46 |       |       ||    46
       Tailslap          |     2 |    13 |    45 ||    60
       Dagger            |    26 |   131 |   119 ||   276
       Punch             |       |     1 |       ||     1
       Halberd           |       |       |   152 ||   152
 Cast: Sting             |    38 |    19 |    28 ||    85
       Poisonous Vapours |    20 |    29 |    37 ||    86
       Mephitic Cloud    |       |     6 |    11 ||    17
       Olgreb's Toxic Ra |       |       |     3 ||     3
 Abil: Breathe Fire      |       |       |     1 ||     1
  Use: Potion            |     5 |     2 |    10 ||    17
       Scroll            |     3 |     4 |     9 ||    16
 Stab: Sleeping          |       |     4 |     9 ||    13
       Confused          |       |       |     5 ||     5
  Eat: Chunk             |     4 |     9 |    16 ||    29
Armor: Skin              |    26 |    30 |   104 ||   160
Dodge: Dodged            |    53 |    64 |   174 ||   291
